 Dungeon Crawl Stone Soup version 0.29-a0-486-ga88943ba61 (console) character file.

Game seed: 7604042654737945098

39 Banquo the Chopper (level 3, -1/28 HPs)
             Began as a Djinni Gladiator on May 26, 2022.
             Slain by Jessica
             ... wielding a +0 club
              (4 damage)
             ... on level 2 of the Dungeon.
             The game lasted 00:03:40 (1492 turns).

Banquo the Chopper (Djinni Gladiator)               Turns: 1492, Time: 00:03:40

Health: -1/28      AC:  6    Str: 13    XL:     3   Next: 67%
Gold:   21         EV: 11    Int: 11    God:
                   SH:  6    Dex: 14

rFire   + + .      SeeInvis .   a - +0 war axe
rCold   x . .      Faith    .   i - +2 buckler
rNeg    . . .      Spirit   .   l - +0 ring mail
rPois   ∞          Reflect  .   c - +0 helmet
rElec   .          Harm     .   (no cloak)
rCorr   .          Rampage  .   (no gloves)
Will    .....                   (boots unavailable)
Stlth   +.........              (no amulet)
HPRegen 0.09/turn               (no ring)
MPRegen 0.00/turn               (no ring)

@: flying
A: sickness immunity, fire resistance 2, cold vulnerability 1, float, innate
caster, HP casting, extra vitality 1
a: no special abilities


You were on level 2 of the Dungeon.
You visited 1 branch of the dungeon, and saw 2 of its levels.

You collected 21 gold pieces.

Inventory:

Hand Weapons
 a - a +0 war axe (weapon)
 f - a +0 whip
 k - a +0 spear
Missiles
 d - 3 throwing nets (quivered)
 e - a javelin
 g - 68 stones
Armour
 b - a +0 leather armour
 c - a +0 helmet (worn)
 i - a +2 buckler (worn)
 l - a +0 ring mail (worn)
Scrolls
 m - a scroll of identify {unknown}
 n - a scroll of magic mapping {unknown}
 p - a scroll of teleportation {unknown}
 q - a scroll of blinking {unknown}
Potions
 h - a potion of degeneration {unknown}
 j - a potion of flight {unknown}
 o - a potion of ambrosia {unknown}
 r - a potion of heal wounds {unknown}


   Skills:
 + Level 2.0 Fighting
 * Level 3.3 Axes
 - Level 1.5 Throwing
 * Level 0.5 Armour
 + Level 3.2 Dodging
 * Level 1.0 Shields


You had one spell level left.
You knew the following spells:

 Your Spells              Type           Power      Damage    Failure   Level
a - Slow                  Hex            0%         N/A       71%         1
Your spell library was empty.

Dungeon Overview and Level Annotations

Branches:
Dungeon (2/15)

Altars:
Trog

Annotations:
D:2 Jessica


Innate Abilities, Weirdness & Mutations

You are immune to sickness and miasma.
You are immune to poison.
Your flesh is very heat resistant. (rF++)
You are vulnerable to cold. (rC-)
You float through the air rather than walking.
You learn spells naturally, not from books.
Your magical power is your life essence.
You have superior vitality. (+4 MHP)


Message History

You hit the ball python.
You kill the ball python!
Your Shields skill increases to level 1!
No target in view!
You see here a ball python corpse.
You now have 13 gold pieces (gained 11).
r - a pink potion You see here a ball python corpse.
Found a bloodstained altar of Trog.
You now have 21 gold pieces (gained 8).
A worm comes into view.
Found an escape hatch in the floor.
You hit the worm but do no damage. The worm closely misses you.
You slash the worm!
The worm is heavily wounded.
You slash the worm!
You kill the worm!
Jessica mumbles something strange.
Found a +0 robe.
You barely miss Jessica. Jessica hits you but does no damage.
Jessica hits you with a +0 club.
You closely miss Jessica.
Jessica mumbles some strange words.
Jessica blinks!
No target in view!
A bat comes into view.
The bat hits you but does no damage. Jessica barely misses you.
You closely miss Jessica. The bat hits you but does no damage.
Jessica hits you with a +0 club. x2
You closely miss Jessica. The bat closely misses you.
Jessica says, "I'm really upset."
Jessica hits you but does no damage.
You hit Jessica but do no damage. You block the bat's attack.
Jessica casts a spell at you. Pain shoots through your body!
* * * LOW HITPOINT WARNING * * *
The bat barely misses you.
You hit Jessica but do no damage. You hit the bat. The bat barely misses you.
Jessica hits you with a +0 club.
You die...

......#.............# ...
..#
..#####.#######.....###..
#.# .##
.........._....... ... .#
######......##. ..##
.########## #.....##
..........# #..#.##
#...#####.#####..#.######
.##.## ............[....
.....## ###.##@b..#####.
###...#######. #@...# #
#........... ..#>.#
###..<#######.........
..........# .####..###
<.#######.###.####..#
................ ...
.#######....... ##
...........#.#


You could see Jessica and a bat.

Vanquished Creatures
  An adder (D:2)
  A worm (D:2)
  A dart slug (D:2)
  3 endoplasms
  A giant cockroach (D:1)
  A goblin (D:1)
  3 hobgoblins
  3 kobolds
  A quokka (D:1)
  3 ball pythons
  3 bats (D:1)
  2 frilled lizards (D:1)
  2 rats (D:1)
25 creatures vanquished.

Vanquished Creatures (others)
  A demonic plant (D:1)
  2 withered plants (D:1)
3 creatures vanquished.

Grand Total: 28 creatures vanquished

Notes
Turn   | Place    | Note
-------+----------+-------------------------------------------
     0 | D:1      | Banquo the Djinni Gladiator began the quest for the Orb.
     0 | D:1      | Reached XP level 1. HP: 18/18 MP: 0/0
   121 | D:1      | Found a faded altar of an unknown god.
   298 | D:1      | Reached XP level 2. HP: 22/23 MP: 0/0
   832 | D:2      | Noticed Jessica
   982 | D:2      | Reached XP level 3. HP: 27/28 MP: 0/0
   982 | D:2      | Learned a level 1 spell: Slow
  1367 | D:2      | Reached skill level 1 in Shields
  1461 | D:2      | Found a bloodstained altar of Trog.
  1492 | D:2      | Slain by Jessica

Illustrated notes

Levels and vault maps discovered:
D:1:      shiori_arrival_maze, layout_basic, shapermc_ecumenical_altar_gd
D:2:      layout_loops_ring, basic_altar,
          nicolae_concentric_dashed_squares_wild, uniq_crazy_yiuf_cottage,
          uniq_jessica

Skill      XL: |  1  2  3 |
---------------+----------+-----
Axes           | 3 |  3.3
Shields        | 1 |  1.0
Fighting       | |  2.0
Throwing       | |  1.5
Armour         | |  0.5
Dodging        | |  3.2

Action                   || total
-------------------------++-------
Melee: War axe           ||    90
Armor: Leather armour    ||    14
       Ring mail         ||    20
Dodge: Dodged            ||    43
Block: Buckler           ||    36

Table legend: (Time is in decaauts)
 A = Elapsed time spent in this place.
 B = Non-inter-level travel time spent in this place.
 C = Inter-level travel time spent in this place.
 D = Time resting spent in this place.
 E = Time spent auto-exploring this place.
 F = Levels seen in this place.
 G = Mean time per level.
                   A        B        C        D        E       F      G
               +--------+--------+--------+--------+--------+-----+--------+
         Total |   1528 |   1413 |    115 |     52 |   1056 |   2 |  764.0 |
       Dungeon |   1528 |   1413 |    115 |     52 |   1056 |   2 |  764.0 |
               +--------+--------+--------+--------+--------+-----+--------+

Top non-repeatable levels by time:
     D:1: 927 daAuts
     D:2: 601 daAuts
